 Dungeon Crawl Stone Soup version 0.24-a0-361-g5716139 (webtiles) character file.

Game seed: 9703275090032742095

99739 Bane the Fighter (level 16, -26/133 HPs)
             Began as a Barachi Wizard on May 25, 2019.
             Was the Champion of Vehumet.
             Hit by a large rock thrown by a stone giant (38 damage)
             ... on level 15 of the Dungeon on May 27, 2019.
             The game lasted 04:42:48 (25960 turns).

Bane the Fighter (Barachi Wizard)                  Turns: 25960, Time: 04:42:48

Health: -26/133    AC: 15    Str:  9    XL:     16   Next: 25%
Magic:  27/41      EV: 10    Int: 25    God:    Vehumet [******]
Gold:   1798       SH:  6    Dex: 11    Spells: 10/40 levels left

rFire    + + +     SeeInvis .   L - staff of conjuration
rCold    . . .     Gourm    .   M - +2 buckler
rNeg     . . .     Faith    .   F - +2 scale mail {rF+}
rPois    .         Spirit   .   R - +0 helmet
rElec    .         Reflect  .   b - scarf {rC+ rF+}
rCorr    .         Harm     .   C - +0 pair of gloves
MR       +....                  y - +0 pair of boots
Stlth    ..........             o - amulet of magic regeneration
HPRegen  0.32/turn              h - ring of fire
MPRegen  0.52/turn              j - ring of magical power

@: about to teleport, can't hop, slow
A: +LOS, swims, talons 1, slowness 1, MP-powered wands, strong legs 2
a: Hop, Renounce Religion


You were on level 15 of the Dungeon.
You worshipped Vehumet.
Vehumet was exalted by your worship.
You were not hungry.

You visited 3 branches of the dungeon, and saw 22 of its levels.
You also visited: Bailey and Gauntlet.

You collected 1875 gold pieces.
You spent 77 gold pieces at shops.

Inventory:

Hand Weapons
 V - the +7 whip of Jadon {flame, MR+ Dex+4}
   (You found it on level 5 of the Lair of Beasts)

   It has been specially enchanted to burn those struck by it, causing extra
   injury to most foes and up to half again as much damage against particularly
   susceptible opponents.
   It affects your dexterity (+4).
   It affects your resistance to hostile enchantments.
Missiles
 Q - 19 silver javelins (quivered)
Armour
 b - a scarf of resistance (worn)
 y - a +0 pair of boots (worn)
 C - a +0 pair of gloves (worn)
 F - a +2 scale mail of fire resistance (worn)
 M - a +2 buckler (worn)
 R - a +0 helmet (worn)
Magical Staves
 L - an uncursed staff of conjuration (weapon)
Jewellery
 e - a +4 ring of evasion
 h - a ring of fire (left hand)
 j - a ring of magical power (right hand)
 k - an uncursed ring of poison resistance
 o - an amulet of magic regeneration (around neck)
 r - an uncursed ring of see invisible
Wands
 f - a wand of random effects (8)
 l - a wand of enslavement (7)
 A - a wand of clouds (7)
 N - a wand of digging (7)
 W - a wand of acid (14)
Scrolls
 m - 3 scrolls of summoning
 p - 9 scrolls of remove curse
 q - 4 scrolls of random uselessness {unknown}
 s - 3 scrolls of immolation {unknown}
 u - a scroll of identify
 x - a scroll of amnesia
 E - 3 scrolls of fog {unknown}
 G - a scroll of enchant weapon
 H - 6 scrolls of magic mapping
 J - 3 scrolls of vulnerability
 P - 8 scrolls of teleportation
 X - 2 scrolls of fear {unknown}
Potions
 a - 2 potions of cancellation
 c - 7 potions of curing
 g - 2 potions of agility
 i - 2 potions of ambrosia {unknown}
 n - 4 potions of resistance
 t - 2 potions of brilliance {unknown}
 v - 3 potions of flight
 w - 2 potions of heal wounds
 z - 3 potions of haste
 B - a potion of invisibility
 D - a potion of magic
 T - a potion of berserk rage
Miscellaneous
 K - 2 boxes of beasts
Comestibles
 d - 41 rations


   Skills:
 + Level 14.2 Fighting
   Level 1.1(2.1) Short Blades
   Level 3.1(3.2) Long Blades
 - Level 6.0 Maces & Flails
 - Level 10.0 Armour
 + Level 5.7 Dodging
 - Level 1.7 Stealth
 - Level 4.0 Shields
 + Level 12.9 Spellcasting
 + Level 14.2 Conjurations
 - Level 5.1 Charms
   Level 1.2 Summonings
 - Level 1.1 Translocations
 - Level 2.2 Transmutations
 + Level 12.1 Fire Magic
 - Level 4.2 Air Magic
 - Level 0.1 Poison Magic
 - Level 6.0 Evocations


You had 10 spell levels left.
You knew the following spells:

 Your Spells              Type           Power        Failure   Level  Hunger
a - Magic Dart            Conj           ####         1%          1    None
b - Mephitic Cloud        Conj/Pois/Air  ######..     1%          3    None
c - Conjure Flame         Conj/Fire      ########     1%          3    None
d - Throw Flame           Conj/Fire      ######       1%          2    None
e - Ignite Poison         Fire/Tmut/Pois ######..     2%          3    None
f - Force Lance           Conj/Tloc      ######..     2%          4    None
g - Fireball              Conj/Fire      ########..   1%          5    ###....
h - Sticky Flame          Conj/Fire      ########     1%          4    None
i - Iskenderun's Battles  Conj/Chrm      #######.     2%          5    ###....

Your spell library contained the following spells:

 Spells                   Type           Power        Failure   Level  Hunger
 Ozocubu's Refrigeration  Ice            ###.......   99%         6    #####..
 Searing Ray              Conj           ######       1%          2    None
 Throw Frost              Conj/Ice       ######       1%          2    None
 Dazzling Spray           Conj/Hex       ######       1%          3    None
 Stone Arrow              Conj/Erth      ######       1%          3    None
 Throw Icicle             Conj/Ice       ######..     3%          4    None
 Bolt of Fire             Conj/Fire      ########..   3%          6    #####..
 Freeze                   Ice            ###.         5%          1    None
 Sandblast                Erth           ###...       5%          1    None
 Beastly Appendage        Tmut           ####..       8%          1    None
 Shroud of Golubria       Chrm/Tloc      ####......   9%          2    None
 Summon Small Mammal      Summ           ###.         12%         1    None
 Poisonous Vapours        Pois/Air       ####..       12%         2    None
 Sticks to Snakes         Tmut           ####....     12%         2    None
 Blink                    Tloc           N/A          19%         2    None
 Call Imp                 Summ           ###.....     19%         2    None
 Passwall                 Tmut/Erth      ###.....     19%         2    None
 Corona                   Hex            ###....      21%         1    None
 Ozocubu's Armour         Chrm/Ice       ####....     21%         3    None
 Corpse Rot               Necr           N/A          30%         2    None
 Ensorcelled Hibernation  Hex/Ice        ###...       30%         2    None
 Slow                     Hex            ###.....     30%         2    None
 Sublimation of Blood     Necr           ###.......   30%         2    None
 Call Canine Familiar     Summ           ###.....     34%         3    None
 Spider Form              Tmut/Pois      ###.......   34%         3    None
 Freezing Cloud           Conj/Ice/Air   ######....   50%         6    #####..
 Confuse                  Hex            ###.....     52%         3    None
 Tukima's Dance           Hex            ###.....     52%         3    None
 Ice Form                 Ice/Tmut       ###.....     77%         4    None
 Petrify                  Tmut/Erth      ###.....     77%         4    None
 Lee's Rapid Deconstruct  Erth           ###.......   77%         5    ###....
 Summon Ice Beast         Ice/Summ       ###.....     83%         4    None
 Spellforged Servitor     Conj/Summ      ######....   83%         7    ######.
 Ignition                 Fire           #######...   88%         8    #######
 Blade Hands              Tmut           ####......   91%         5    ###....
 Ring of Flames           Chrm/Fire      ######....   99%         7    ######.
 Summon Hydra             Summ           ###.......   100%        7    ######.


Dungeon Overview and Level Annotations

Branches:
Dungeon (15/15)            Temple (0/1) D:6            Lair (6/6) D:8
  Swamp (0/4) Lair:2        Snake (0/4) Lair:4        Slime (0/5) Lair:5
    Orc (0/2) D:12         Vaults (0/5) D:14         Depths (1/5) D:15

Altars:
Ashenzari
Fedhas
Gozag
Kikubaaqudgha
Makhleb
Qazlal
Trog
Vehumet
Zin

Shops:
D:4 *

Annotations:
D:11 1 runed translucent door


Innate Abilities, Weirdness & Mutations

Shadows flee at your approach. (+LOS)
You can swim through water.
You cover ground slowly.
You can hop long distances.
You have sharp toenails.
You expend magic power (3 MP) to strengthen your wands.


Message History

You see here an arrow.
The fire giant points at you and mumbles some strange words.
The bolt of fire hits you. You resist. You block the stone giant's attack.
You climb upwards.
Welcome back to the Dungeon!
There is a staircase to the Depths here.
You're too hungry.
You hit the stone giant but do no damage.
The stone giant closely misses you.
You hit the stone giant.
The stone giant is lightly wounded.
The stone giant hits you!!
As you read the scroll of teleportation, it crumbles to dust.
You feel strangely unstable. The stone giant hits you.
You eat one of the 42 rations.
That ration really hit the spot!
The stone giant hits you!!
* * * LOW HITPOINT WARNING * * *
Hop to where?
Press: ? - help, Dir - move target cursor Boing!
The stone giant throws a large rock.
The large rock hits you!!!
You die...

#.............#...#..).#.)..
#.............##'##....#....
#####..................#....
#..................#####
#.######.###...[...)....
###.#..###.##...)..#####
#.....##...#..)...#....
##.##.#....##...[)#....
#####..##.@...C○#.[.[[#....
#...#...###....##.(.[[#....
#...###..###...#......#####
#.....##.####.##...........
#....##...#####............
#....#.....#...........####
#....#.....#...........#
#....##...##...[.......#
#.....##.##..[.........#


You could see a stone giant.

Vanquished Creatures
  Nessos (D:14)
  A minotaur (Gauntlet)
  Snorg (D:12)
  2 fire dragons
  Harold (D:14)
  8 hydras
  An ice dragon (Depths:1)
  5 centaur warriors
  Erica (D:14)
  9 two-headed ogres
  3 death yaks (Lair:6)
  Urug (D:14)
  Nergalle (Lair:1)
  A hell knight (D:14)
  4 unseen horrors
  2 large abominations (Gauntlet)
  The ghost of Yackwabbit the Insei, a novice MfTm of Cheibriados (D:7)
  2 glowing orange brains (Gauntlet)
  A swamp dragon (Lair:6)
  A wizard (D:14)
  4 deep elf magi
  2 orc knights
  12 ugly things
  2 manticores
  A cyclops (D:12)
  A moth of wrath (shapeshifter) (D:15)
  3 oklob plants
  A moth of wrath (Gauntlet)
  5 black mambas
  A guardian serpent (shapeshifter) (D:15)
  Maurice (D:8)
  4 rime drakes
  11 spiny frogs
  4 gargoyles
  16 komodo dragons
  A kobold demonologist (D:15)
  2 efreet
  A tengu conjurer (Depths:1)
  3 trolls
  3 meliai (D:15)
  10 polar bears
  4 hornets
  A raiju (Lair:6)
  19 blink frogs
  15 slime creatures
  18 dream sheep
  14 hippogriffs
  5 small abominations (Gauntlet)
  A vampire (D:15)
  A wraith (D:14)
  2 wyverns (D:13)
  35 yaks
  Sigmund (D:2)
  16 humans (D:14)
  2 steam dragons
  3 basilisks
  3 hungry ghosts
  5 vampire mosquitoes
  4 wargs (Lair:6)
  A soldier ant (D:11)
  2 acid dragons (Lair:6)
  9 porcupines
  16 hell hounds (Lair:6)
  A hornet zombie (D:10)
  16 water moccasins
  20 orc warriors
  4 sky beasts
  6 ice beasts
  4 phantoms
  A swamp drake (Lair:6)
  14 black bears
  28 wolves
  10 boggarts
  7 ogres
  3 centaurs
  12 crocodiles
  6 big kobolds
  16 bullfrogs
  A wyvern zombie (D:12)
  4 gnoll sergeants (D:7)
  A wyvern skeleton (D:11)
  4 scorpions
  4 killer bees
  An oklob sapling (D:13)
  3 wights (D:8)
  2 electric eels (D:11)
  A howler monkey (shapeshifter) (D:15)
  7 crimson imps
  6 jellies
  3 centaur zombies
  13 orc priests
  16 hounds
  A quasit (D:9)
  3 gnoll shamans (D:7)
  16 orc wizards
  4 bullfrog skeletons
  4 centaur skeletons
  Terence (D:2)
  7 iguanas
  11 worker ants
  3 centaur simulacra (D:11)
  2 hound zombies
  A mummy (D:7)
  2 worker ant zombies
  20 adders
  32 gnolls
  2 shadow imps (D:8)
  A white imp (D:11)
  2 worker ant simulacra (D:11)
  3 ufetubi (D:11)
  6 oozes
  An adder zombie (D:7)
  2 adder skeletons
  6 worms
  4 dart slugs
  7 leopard geckos
  100 orcs
  10 bats
  3 giant cockroaches
  14 goblins
  8 hobgoblins
  31 jackals
  16 kobolds
  6 quokkas
  8 ball pythons
  5 frilled lizards
  A jackal skeleton (D:4)
  2 leopard gecko zombies
  A quokka skeleton (D:7)
  7 rats
  2 fungi
  9 plants
890 creatures vanquished.

Vanquished Creatures (others)
  A porcupine (Lair:5)
  14 fungi
  42 plants
57 creatures vanquished.

Grand Total: 947 creatures vanquished

Notes
Turn   | Place    | Note
-------+----------+-------------------------------------------
     0 | D:1      | Bane the Barachi Wizard began the quest for the Orb.
     0 | D:1      | Reached XP level 1. HP: 13/13 MP: 4/4
   154 | D:1      | Reached XP level 2. HP: 15/20 MP: 2/6
   417 | D:1      | Reached skill level 1 in Fighting
   494 | D:1      | Reached XP level 3. HP: 23/26 MP: 6/8
   635 | D:2      | Noticed Terence
   636 | D:2      | Noticed Sigmund
   860 | D:2      | Reached XP level 4. HP: 32/32 MP: 10/10
   886 | D:2      | Learned a level 3 spell: Mephitic Cloud
   890 | D:2      | Learned a level 3 spell: Conjure Flame
  1301 | D:2      | Killed Sigmund
  1301 | D:2      | Reached skill level 1 in Short Blades
  1301 | D:2      | Reached XP level 5. HP: 39/39 MP: 2/12
  1301 | D:2      | Reached XP level 6. HP: 46/46 MP: 2/13
  1494 | D:2      | Killed Terence
  1793 | D:3      | Reached skill level 5 in Spellcasting
  2223 | D:4      | Noticed a phantom
  2261 | D:4      | Killed a phantom
  2261 | D:4      | Reached skill level 5 in Conjurations
  2261 | D:4      | Reached XP level 7. HP: 53/53 MP: 6/14
  2325 | D:4      | Found a shattered altar of Ashenzari.
  2326 | D:4      | Found an ancient bone altar of Kikubaaqudgha.
  2334 | D:5      | Entered Level 5 of the Dungeon
  2376 | D:3      | Found a burning altar of Makhleb.
  2376 | D:3      | Noticed an Executioner
  2379 | D:3      | Noticed an orange demon
  2379 | D:3      | Noticed a hellwing
  2692 | D:4      | Reached skill level 1 in Armour
  2709 | D:4      | Found Daugiczots's General Store.
  2717 | D:4      | Bought a scroll of identify for 22 gold pieces
  2717 | D:4      | Bought a potion of heal wounds for 55 gold pieces
  2767 | D:5      | Found a radiant altar of Vehumet.
  2778 | D:5      | Became a worshipper of Vehumet
  3241 | D:5      | Reached XP level 8. HP: 61/61 MP: 10/16
  3648 | D:6      | Found a staircase to the Ecumenical Temple.
  3745 | D:6      | Found a glowing silver altar of Zin.
  3745 | D:6      | Found a bloodstained altar of Trog.
  3834 | D:6      | Reached skill level 5 in Fighting
  4422 | D:6      | Reached XP level 9. HP: 59/68 MP: 18/18
  4553 | D:7      | Reached * piety under Vehumet
  4553 | D:7      | Offered knowledge of Shock by Vehumet.
  4611 | D:7      | Found a runed translucent door.
  4614 | D:7      | Noticed Yackwabbit's ghost (novice MfTm)
  4619 | D:7      | Got a crystal hand axe
  4620 | D:7      | Identified the cursed +0 hand axe of Light {speed, Int+4}
                  | (You found it on level 7 of the Dungeon)
  4921 | D:7      | Found a flagged portal.
  4975 | Bailey   | Entered a bailey
  4986 | Bailey   | Offered knowledge of Throw Flame by Vehumet.
  4988 | Bailey   | Reached ** piety under Vehumet
  5177 | Bailey   | Gained mutation: You have sharp toenails. [potion of
                  | mutation]
  5177 | Bailey   | Gained mutation: You expend magic power (3 MP) to
                  | strengthen your wands. [potion of mutation]
  5186 | Bailey   | Reached skill level 5 in Dodging
  5337 | Bailey   | Learned a level 2 spell: Throw Flame
  5343 | Bailey   | Identified a scroll of acquirement
  5361 | Bailey   | Got a slimy chain mail
  5362 | Bailey   | Identified the +6 chain mail of Contentment {MR- Str+2
                  | Int+5} (You acquired it in a bailey)
  5396 | Bailey   | Reached skill level 1 in Fire Magic
  5396 | Bailey   | Reached skill level 1 in Air Magic
  5396 | Bailey   | Noticed an orc knight
  5397 | Bailey   | Noticed an orc knight
  5435 | Bailey   | Noticed an orc knight
  5441 | Bailey   | Noticed an orc knight
  5494 | D:7      | Offered knowledge of Static Discharge by Vehumet.
  5523 | D:7      | Reached skill level 5 in Armour
  5574 | D:7      | Found a stormy altar of Qazlal.
  5612 | D:7      | Reached *** piety under Vehumet
  6033 | D:7      | Offered knowledge of Ignite Poison by Vehumet.
  6038 | D:7      | Learned a level 3 spell: Ignite Poison
  6093 | D:7      | Reached XP level 10. HP: 77/77 MP: 20/20
  6460 | D:7      | Reached skill level 1 in Transmutations
  6662 | D:7      | Killed Yackwabbit's ghost
  6767 | D:8      | Reached skill level 1 in Shields
  6832 | D:8      | Noticed a two-headed ogre
  6841 | D:8      | Killed a two-headed ogre
  6943 | D:8      | You fall into a shaft and drop 1 floor!
  7038 | D:9      | Found an ancient bone altar of Kikubaaqudgha.
  7142 | D:9      | Noticed a three-headed hydra
  7391 | D:8      | Reached **** piety under Vehumet
  7394 | D:8      | Noticed Maurice
  7405 | D:8      | Paralysed by Maurice for 7 turns
  7415 | D:8      | Killed Maurice
  7416 | D:8      | Noticed a green ugly thing
  8009 | D:8      | Found a staircase to the Lair.
  8015 | D:8      | Noticed an unseen horror
  8019 | D:8      | Killed an unseen horror
  8019 | D:8      | Reached XP level 11. HP: 76/86 MP: 14/22
  8130 | D:8      | Offered knowledge of Throw Icicle by Vehumet.
  8248 | D:8      | Noticed a two-headed ogre
  8257 | D:8      | Killed a two-headed ogre
  8546 | D:8      | Found the +10 zealot's sword {holy, *Rage rN+ EV+3}
  9006 | D:8      | Killed a brown ugly thing
  9006 | D:8      | Reached skill level 5 in Fire Magic
  9778 | D:9      | Killed a three-headed hydra
 10030 | D:10     | Entered Level 10 of the Dungeon
 10157 | D:10     | Reached skill level 10 in Conjurations
 10681 | D:10     | Reached ***** piety under Vehumet
 10683 | D:10     | Offered knowledge of Force Lance by Vehumet.
 10754 | D:10     | Noticed a fire dragon
 10774 | D:10     | Learned a level 4 spell: Force Lance
 10911 | D:10     | Identified Sif Muna's Compendium of Calling
 10953 | D:10     | Noticed a two-headed ogre
 10960 | D:10     | Killed a two-headed ogre
 10960 | D:10     | Reached XP level 12. HP: 96/96 MP: 20/25
 11037 | D:10     | Noticed a two-headed ogre
 11049 | D:10     | Killed a two-headed ogre
 11475 | D:10     | Killed a fire dragon
 11548 | Lair:1   | Entered Level 1 of the Lair of Beasts
 11558 | Lair:1   | Found a gate leading to a gauntlet.
 11583 | Lair:1   | Found an opulent altar of Gozag.
 11619 | Gauntlet | Entered a Gauntlet
 11619 | Gauntlet | Found a transporter.
 11627 | Gauntlet | Found a transporter.
 11642 | Gauntlet | Found a transporter.
 11649 | Gauntlet | Found a transporter.
 11663 | Gauntlet | Noticed a hell hog
 11664 | Gauntlet | Found a transporter.
 11683 | Gauntlet | Found a transporter.
 11683 | Gauntlet | Noticed an entropy weaver
 11695 | Gauntlet | Found a transporter.
 11707 | Gauntlet | Found a transporter.
 11712 | Gauntlet | Found a transporter.
 11712 | Gauntlet | Found a transporter.
 11727 | Gauntlet | Found a transporter.
 11739 | Gauntlet | Found a transporter.
 11739 | Gauntlet | Noticed an entropy weaver
 11761 | Gauntlet | Found a transporter.
 11773 | Gauntlet | Found a transporter.
 11775 | Gauntlet | Found a transporter.
 11800 | Gauntlet | Found a transporter.
 11802 | Gauntlet | Found a transporter.
 11836 | Gauntlet | Found a transporter.
 11842 | Gauntlet | Reached skill level 1 in Long Blades
 12005 | Gauntlet | Reached skill level 10 in Fighting
 12351 | Gauntlet | Noticed a minotaur
 12360 | Gauntlet | Killed a minotaur
 12451 | Gauntlet | Got a wizard robe
 12462 | Gauntlet | Identified the +1 robe of Fegeitep {rF- rC+ Str+4 SInv}
                  | (You found it in a Gauntlet)
 12511 | Lair:1   | Noticed Nergalle
 12676 | Lair:1   | Upgraded the game from 0.24-a0-358-g53aee78 to
                  | 0.24-a0-361-g5716139
 12682 | Lair:1   | Learned a level 5 spell: Fireball
 12834 | Lair:1   | Killed Nergalle
 13036 | Lair:1   | Reached skill level 10 in Spellcasting
 13079 | Lair:1   | Gained mutation: You can hop long distances. [Barachi
                  | growth]
 13079 | Lair:1   | Reached XP level 13. HP: 104/104 MP: 11/27
 13349 | Lair:1   | Reached skill level 10 in Armour
 13608 | Lair:2   | Offered knowledge of Sticky Flame by Vehumet.
 13614 | Lair:2   | Learned a level 4 spell: Sticky Flame
 13892 | Lair:2   | Found a staircase to the Swamp.
 15519 | Lair:4   | Identified Dealil's Witchery, Part Two
 15867 | Lair:4   | Found a staircase to the Snake Pit.
 16137 | Lair:4   | Offered knowledge of Conjure Ball Lightning by Vehumet.
 16549 | Lair:5   | Reached skill level 1 in Evocations
 16679 | Lair:5   | Reached XP level 14. HP: 115/115 MP: 19/29
 16693 | Lair:5   | Reached skill level 10 in Fire Magic
 16888 | Lair:5   | Found a staircase to the Slime Pits.
 17029 | Lair:5   | Got a steaming whip
 17030 | Lair:5   | Identified the +7 whip of Jadon {flame, MR+ Dex+4} (You
                  | found it on level 5 of the Lair of Beasts)
 17353 | Lair:6   | Entered Level 6 of the Lair of Beasts
 17464 | Lair:6   | Reached skill level 1 in Maces & Flails
 18166 | Lair:6   | Got a wavering platinum amulet
 18168 | Lair:6   | Identified the amulet of the Visionary {Reflect rElec SH+3}
                  | (You found it on level 6 of the Lair of Beasts)
 18524 | Lair:6   | Got a pearl-encrusted leather armour
 18535 | Lair:6   | Identified the cursed +1 leather armour of the Blind
                  | Marksman {Slay+3} (You found it on level 6 of the Lair of
                  | Beasts)
 18699 | Lair:6   | Offered knowledge of Iskenderun's Battlesphere by Vehumet.
 18718 | Lair:6   | Learned a level 5 spell: Iskenderun's Battlesphere
 19133 | Lair:6   | Reached skill level 1 in Charms
 21012 | D:11     | Offered knowledge of Iron Shot by Vehumet.
 21148 | D:11     | Reached XP level 15. HP: 116/123 MP: 30/30
 21157 | D:11     | Found a glowing silver altar of Zin.
 21173 | D:11     | Found a runed translucent door.
 21173 | D:11     | Noticed an angel
 21578 | D:12     | Reached skill level 5 in Evocations
 21710 | D:12     | Found a staircase to the Orcish Mines.
 21871 | D:12     | Noticed Snorg
 21890 | D:12     | Killed Snorg
 22722 | D:13     | Reached skill level 5 in Maces & Flails
 23343 | D:13     | Reached ****** piety under Vehumet
 23425 | D:13     | Got a pitted rapier
 23426 | D:13     | Identified the cursed +2 rapier of Hacking and Slashing
                  | {pain, Int+3 Dex+3} (You found it on level 13 of the
                  | Dungeon)
 23449 | D:13     | Identified the Papyrus of Nature
 23651 | D:14     | Found a gate to the Vaults.
 23651 | D:14     | Noticed Urug
 23651 | D:14     | Noticed Nessos
 24132 | D:14     | Killed Urug
 24132 | D:14     | Offered knowledge of Ozocubu's Refrigeration by Vehumet.
 24421 | D:14     | Noticed Harold
 24425 | D:14     | Noticed Erica
 24429 | D:14     | Killed Harold
 24433 | D:14     | Killed Erica
 24433 | D:14     | Reached skill level 5 in Charms
 24648 | D:14     | Found an opulent altar of Gozag.
 24671 | D:15     | Entered Level 15 of the Dungeon
 24740 | D:15     | Reached XP level 16. HP: 50/132 MP: 7/32
 24770 | D:14     | Killed Nessos
 25326 | D:15     | Found a staircase to the Depths.
 25507 | D:15     | Found a blossoming altar of Fedhas.
 25940 | Depths:1 | Entered Level 1 of the Depths
 25960 | D:15     | Hit by a large rock thrown by a stone giant

Levels and vault maps discovered:
D:1:      giann_horns, layout_basic
D:2:      layout_loops_corners, minmay_misc_feat_pillars, uniq_terence,
          uniq_sigmund
D:3:      layout_rooms, makhleb_altar_promises_db, first_ration,
          kennysheep_generic_room_7
D:4:      layout_loops_ring, minitemple, serial_shops, shop
D:5:      layout_basic, basic_altar
D:6:      layout_basic, chequers_temple_overflow_statue_of_worship,
          minmay_temple_entry_glass, grunt_ministairs_9, kennysheep_small_square
D:7:      layout_cave_pools, grunt_qazlal_clouds, enter_bailey_3,
          gup_ossuary_entry_pyramid, hellmonk_ghost_happy_afterlife,
          serial_gnoll_camp, gnoll_camp_mini_doghouse, gnoll_camp_medium_01,
          gnoll_camp_huts_basic, gnoll_camp_medium_02, gnoll_camp_mini_doghouse,
          minmay_microvault
D:8:      minmay_the_grid_octo_tiled_octocenter
          [minmay_the_grid_octo_thin_diamonds, minmay_the_grid_octo_clover_2,
          minmay_the_grid_octo_toaster, minmay_the_grid_octo_checkered,
          minmay_the_grid_octo_prize_square_snowflake,
          minmay_the_grid_square_5x5_spiral_small,
          minmay_the_grid_square_5x5_minivault,
          minmay_the_grid_square_5x5_fancy_junction,
          minmay_the_grid_square_5x5_three], layout_loops_corners,
          lair_entry_dummy, uniq_maurice
D:9:      layout_stronghold, basic_altar, hangedman_ranch
          [blue_anna_fruit_fields], kennysheep_generic_room_6
D:10:     layout_rooms, minmay_pinched_square
D:11:     layout_stronghold, serial_ice, serial_ice_h, serial_ice_e,
          serial_ice_o, serial_ice_f, serial_ice_j, serial_ice_b,
          lemuel_angel_altar
D:12:     layout_rooms, hiddenorc2_lemuel, serial_rivers,
          chequers_serial_rivers_marsh, chequers_serial_rivers_small_b,
          chequers_serial_rivers_micro_c, chequers_serial_rivers_room_b,
          chequers_serial_rivers_marsh, kennysheep_cluttered_room,
          minmay_door_square, minmay_misc_feat_rows, uniq_snorg
D:13:     layout_cross, introduction_to_nature_2
D:14:     layout_gridville, david_vaults_3, lemuel_round_altar, sword_in_stone
D:15:     gammafunk_enter_depths_forms, layout_irregular_city, fedhas_altar_4
Lair:1:   layout_regular_city, gauntlet_entry_generic, basic_altar,
          beast_lair_carwin_11, grunt_megastairs_2, uniq_nergalle
Lair:2:   layout_loops_ring, swamp_mist_pool
Lair:3:   layout_chaotic_city
Lair:4:   layout_loops_ring, dummy_snake_entry, lemuel_fruit_fields,
          minmay_lair_oklob_chamber
Lair:5:   layout_loops_ring, nicolae_slime_entry_slimehenge, serial_bayou_ford_a
Lair:6:   guppyfry_lair_end_dragon, layout_long_grid,
          hangedman_lair_caniforms_friends
Depths:1: nicolae_legendary_halls, layout_cave_pools, rand_demon_pan_entry_7,
          minmay_holes, hangedman_geh_valley, kennysheep_underground_church,
          uniq_asterion

Skill      XL: |  1  2  3  4  5  6  7  8  9 10 11 12 13 14 15 16 |
---------------+-------------------------------------------------+-----
Fighting       | 1 2 3 4 5 6 7 9 10 12 13 14 | 14.2
Spellcasting   | 4 5 6 7 9 10 11 12 | 12.9
Conjurations   | 2 3 5 6 7 8 9 10 11 12 13 14 | 14.2
Short Blades   | 1 |  1.1
Armour         | 1 3 5 6 8 9 10 | 10.0
Dodging        | 3 4 5 |  5.7
Fire Magic     | 2 4 6 8 9 10 11 12 | 12.1
Air Magic      | 2 4 |  4.2
Transmutations | 2 |  2.2
Shields        | 3 4 |  4.0
Long Blades    | 3 |  3.1
Evocations     | 1 4 6 |  6.0
Maces & Flails | 4 6 |  6.0
Charms         | 2 5 |  5.1
Stealth        | |  1.7
Summonings     | |  1.2
Translocations | |  1.1
Poison Magic   | |  0.1

Action                   |  1- 3 |  4- 6 |  7- 9 | 10-12 | 13-15 | 16-18 || total
-------------------------+-------+-------+-------+-------+-------+-------++-------
Melee: Unarmed           |     5 |       |       |       |       |       ||     5
       Dagger            |    17 |    48 |   104 |       |       |       ||   169
       Hand axe          |       |       |   212 |    44 |       |       ||   256
       Mace              |       |       |       |    29 |       |       ||    29
       Staff             |       |       |       |     8 |     8 |     3 ||    19
       Eudemon blade     |       |       |       |    18 |     7 |       ||    25
       Whip              |       |       |       |       |   120 |     5 ||   125
 Cast: Magic Dart        |    74 |   165 |   301 |   158 |   176 |    10 ||   884
       Mephitic Cloud    |       |     6 |    67 |    45 |    49 |     3 ||   170
       Conjure Flame     |       |     4 |     3 |     8 |     7 |       ||    22
       Throw Flame       |       |       |    14 |   391 |   858 |    94 ||  1357
       Ignite Poison     |       |       |       |    21 |    24 |       ||    45
       Force Lance       |       |       |       |    13 |    54 |       ||    67
       Fireball          |       |       |       |       |    54 |     8 ||    62
       Sticky Flame      |       |       |       |       |    24 |       ||    24
       Iskenderun's Batt |       |       |       |       |    34 |    12 ||    46
 Abil: Hop               |     1 |       |     7 |    10 |    15 |     2 ||    35
  Use: Potion            |       |     1 |     8 |     8 |       |     3 ||    20
       Scroll            |       |     3 |    11 |     7 |    20 |     2 ||    43
 Stab: Confused          |       |     2 |    24 |     1 |     2 |       ||    29
  Eat: Chunk             |       |     6 |    14 |    17 |    47 |     5 ||    89
       Ration            |       |       |       |     2 |       |     1 ||     3
Armor: Robe              |     6 |    14 |    37 |       |       |       ||    57
       Scale mail        |       |       |    15 |   236 |   218 |    16 ||   485
       Leather armour    |       |       |    15 |       |       |       ||    15
       Skin              |       |       |     1 |       |       |       ||     1
Dodge: Dodged            |    31 |    50 |   252 |   174 |   198 |    11 ||   716
Block: Buckler           |       |       |       |    65 |   123 |    10 ||   198
       Rpst.: Eudemon blade |       |       |       |     2 |     3 |       ||     5

Table legend:
 A = Non-vault XP
 B = Vault XP
 C = Vault XP percentage of total XP
 D = Non-vault monster count
 E = Vault monster count
 F = Vault count percentage of total count
                 A         B        C        D         E       F
            +---------+---------+-------+---------+---------+-------
      Total |   84904 |   57581 |  40.4 |     519 |     360 |  41.0
            +---------+---------+-------+---------+---------+-------
        D:1 |      42 |       0 |   0.0 |      24 |       0 |   0.0
        D:2 |     111 |     244 |  68.7 |      29 |       2 |   6.5
        D:3 |     175 |       4 |   2.2 |      32 |       2 |   5.9
        D:4 |     530 |       0 |   0.0 |       9 |       0 |   0.0
        D:5 |     330 |       0 |   0.0 |       8 |       0 |   0.0
        D:6 |     754 |     306 |  28.9 |      21 |       4 |  16.0
        D:7 |     610 |    2116 |  77.6 |      23 |      57 |  71.2
        D:8 |    2645 |    2790 |  51.3 |      22 |      20 |  47.6
        D:9 |     883 |    2387 |  73.0 |      11 |      12 |  52.2
       D:10 |    3369 |    3349 |  49.9 |      27 |      15 |  35.7
       D:11 |    4524 |    1486 |  24.7 |      46 |      16 |  25.8
       D:12 |    6643 |    1859 |  21.9 |      32 |      33 |  50.8
       D:13 |    7431 |    1552 |  17.3 |      25 |      20 |  44.4
       D:14 |    5888 |   11002 |  65.1 |      21 |      25 |  54.3
       D:15 |   14996 |    3636 |  19.5 |      57 |      12 |  17.4
     Lair:1 |    3107 |    2782 |  47.2 |      12 |       9 |  42.9
     Lair:2 |    4846 |       0 |   0.0 |      20 |       0 |   0.0
     Lair:3 |    6465 |       0 |   0.0 |      31 |       0 |   0.0
     Lair:4 |    3541 |    1054 |  22.9 |      12 |       2 |  14.3
     Lair:5 |    8047 |     120 |   1.5 |      32 |       7 |  17.9
     Lair:6 |    8696 |   14408 |  62.4 |      23 |      68 |  74.7
   Depths:1 |    1271 |    1010 |  44.3 |       2 |       2 |  50.0
     Bailey |       0 |     626 | 100.0 |       0 |      35 | 100.0
   Gauntlet |       0 |    6850 | 100.0 |       0 |      19 | 100.0
            +---------+---------+-------+---------+---------+-------
